 Dungeon Crawl Stone Soup version 0.25.0-9-g26727b657a (webtiles) character file.

Game seed: 18249634214075369719

5718 funshine the Slicer (level 10, 0/84 HPs)
             Began as a Minotaur Fighter on June 19, 2020.
             Was a Believer of Wu Jian.
             Shot with an arrow by a centaur (4 damage)
             ... on level 10 of the Dungeon.
             The game lasted 00:51:41 (8666 turns).

funshine the Slicer (Minotaur Fighter)              Turns: 8666, Time: 00:51:42

Health: 0/84       AC: 18    Str: 19 (21) XL:     10   Next: 48%
Magic:  3/9        EV:  6    Int:  5      God:    Wu Jian [**....]
Gold:   206        SH: 10    Dex:  9 (10) Spells: 9/9 levels left

rFire    . . .     SeeInvis .   D - +5 rapier (speed)
rCold    + + +     Gourm    .   c - +0 kite shield
rNeg     . . .     Faith    .   K - +4 chain mail of Thoughtfulness {rElec rC++ Regen+ Str-3}
rPois    .         Spirit   .   (helmet restricted)
rElec    +         Reflect  .   (no cloak)
rCorr    .         Harm     .   (no gloves)
MR       .....                  a - +2 pair of boots
Stlth    ..........             (no amulet)
HPRegen  0.64/turn              q - ring of protection from cold
MPRegen  0.11/turn              x - ring of protection from cold

@: lethally poisoned (0 -> 0), very slightly contaminated
A: retaliatory headbutt, horns 2, mutation resistance 1, shaggy fur 1
a: Wall Jump, Renounce Religion


You were on level 10 of the Dungeon.
You worshipped Wu Jian.
Wu Jian was pleased with you.
You were not hungry.

You visited 1 branch of the dungeon, and saw 10 of its levels.

You collected 468 gold pieces.
You spent 262 gold pieces at shops.

Inventory:

Hand Weapons
 d - a +1 flail of protection
 n - the +9 rapier "Q" {flame, Str+3 Int+4, unknown}
   (You found it on level 7 of the Dungeon)

   It has been specially enchanted to burn those struck by it, causing extra
   injury to most foes and up to half again as much damage against particularly
   susceptible opponents.
   It affects your strength (+3).
   It affects your intelligence (+4).
 t - a +2 short sword of freezing
 D - a +5 rapier of speed (weapon)
 J - a +2 whip of flaming
Armour
 a - a +2 pair of boots (worn)
 c - a +0 kite shield (worn)
 g - a +1 helmet
 o - a +2 cloak of magic resistance
 u - a cursed -2 pair of boots
 E - a +2 pair of gloves of archery
 I - a scarf of harm
 K - the +4 chain mail of Thoughtfulness (worn) {rElec rC++ Regen+ Str-3}
   (You took it off a wight on level 7 of the Dungeon)

   It affects your strength (-3).
   It greatly protects you from cold.
   It insulates you from electricity.
   It increases your rate of regeneration.
Jewellery
 q - a ring of protection from cold (left hand)
 w - an uncursed ring of poison resistance {unknown}
 x - a ring of protection from cold (right hand)
 G - an uncursed ring of flight {unknown}
 H - an uncursed ring of poison resistance {unknown}
Wands
 B - a wand of acid (7)
 C - a wand of iceblast (6)
 F - a wand of paralysis (12)
Scrolls
 b - a scroll of fear {unknown}
 h - 11 scrolls of remove curse
 j - a scroll of teleportation
 r - a scroll of magic mapping {unknown}
 v - a scroll of blinking
 y - a scroll of enchant armour
 N - a scroll of identify
Potions
 e - 2 potions of mutation
 i - 2 potions of degeneration
 k - a potion of haste
 m - 2 potions of resistance
 s - 2 potions of flight
 z - 2 potions of magic
 A - a potion of lignification {unknown}
 L - a potion of stabbing
 P - a potion of ambrosia {unknown}
Comestibles
 f - 15 rations
 p - 3 chunks of flesh


   Skills:
 - Level 6.9 Fighting
 * Level 13.0 Short Blades
 - Level 5.4 Maces & Flails
 - Level 7.0 Armour
 - Level 0.3 Dodging
 - Level 7.5 Shields


You had 9 spell levels left.
You didn't know any spells.
Your spell library was empty.

Dungeon Overview and Level Annotations

Branches:
Dungeon (9/15)             Temple (0/1) D:7            Lair (0/6) D:8
    Orc: D:9-12

Altars:
Ashenzari
Uskayaw
Wu Jian
Zin
The Shining One

Shops:
D:4 *   D:9 :   D:10 *


Innate Abilities, Weirdness & Mutations

You reflexively headbutt those who attack you in melee.
You have a pair of horns on your head.
You are somewhat resistant to further mutation.
You are covered in fur. (AC +1)


Message History

The ogre moves out of view.
Found 18 gold pieces.
You feel sick. 2 trolls come into view.
The troll shouts!
A centaur comes into view.
The centaur wields a +0 shortbow.
The centaur shoots an arrow.
The arrow hits you but does no damage.
The phantom blinks!
The troll moves out of view.
You see here an arrow.
An orc warrior comes into view. It is wielding a +0 hand axe.
You feel sick.
The orc warrior shouts!
The centaur shoots an arrow.
The arrow hits you but does no damage.
The orc wizard gestures wildly while chanting.
The orc wizard flickers and vanishes!
Deactivating autopickup; reactivate with Ctrl-A.
You see here an arrow.
You feel sick.
The centaur shoots an arrow.
The arrow hits you.
You die...

#..........
$..c....... ..
..........# ...
#........##...
#.............
#...# .......
#...##.......
#@...........
#.(o...{o....
#..##........
#..T##........
...............
#.#T............
#.......##......
#..#..o.# ......
#..#..... ......


You could see 2 trolls, an orc warrior, a centaur and 2 orcs.

Vanquished Creatures
  Pikel (D:7)
  A troll (D:8)
  A wyvern (D:8)
  A spriggan (D:7)
  7 yaks (D:10)
  2 sky beasts
  5 ice beasts
  4 slaves (D:7)
  2 orc warriors
  An eye of draining (D:8)
  2 ogres
  A centaur (D:5)
  3 wolves (D:8)
  3 bullfrogs
  A gnoll sergeant (D:5)
  3 scorpions
  6 killer bees
  A howler monkey (D:4)
  4 wights (D:7)
  6 electric eels (D:8)
  3 crimson imps
  A centaur skeleton (D:4)
  A bullfrog skeleton (D:6)
  2 bullfrog zombies
  5 hounds
  A jelly (D:5)
  11 orc wizards
  A quasit (D:9)
  5 orc priests
  Terence (D:3)
  2 iguanas
  4 worker ants
  A hound skeleton (D:9)
  A worker ant zombie (D:8)
  2 adders
  3 gnolls (D:5)
  2 shadow imps
  An adder skeleton (D:8)
  2 adder zombies
  4 worms
  4 dart slugs
  3 leopard geckos
  31 orcs
  8 bats
  3 giant cockroaches
  10 goblins
  5 hobgoblins
  13 jackals
  7 quokkas
  3 ball pythons
  9 frilled lizards
  A goblin zombie (D:5)
  6 kobolds
  4 rats
215 creatures vanquished.

Vanquished Creatures (others)
  An orc (D:6)
  A plant (D:4)
2 creatures vanquished.

Grand Total: 217 creatures vanquished

Notes
Turn   | Place    | Note
-------+----------+-------------------------------------------
     0 | D:1      | funshine the Minotaur Fighter began the quest for the Orb.
     0 | D:1      | Reached XP level 1. HP: 19/19 MP: 0/0
   217 | D:1      | Reached XP level 2. HP: 26/27 MP: 1/1
   956 | D:2      | Reached XP level 3. HP: 29/33 MP: 2/2
  1884 | D:3      | Noticed Terence
  2067 | D:3      | Killed Terence
  2067 | D:3      | Reached XP level 4. HP: 31/40 MP: 3/3
  2140 | D:3      | Noticed an ice beast
  2153 | D:3      | Killed an ice beast
  2153 | D:3      | Reached skill level 5 in Shields
  2153 | D:3      | Reached XP level 5. HP: 19/47 MP: 4/4
  3515 | D:4      | Reached XP level 6. HP: 50/53 MP: 5/5
  3602 | D:4      | Reached skill level 5 in Maces & Flails
  3923 | D:4      | Found Wedoalu's Assorted Antiques.
  3929 | D:4      | Reached skill level 5 in Armour
  3958 | D:4      | Bought a pair of runed gloves for 172 gold pieces
  4028 | D:5      | Entered Level 5 of the Dungeon
  4041 | D:5      | Reached skill level 5 in Fighting
  4049 | D:5      | Reached skill level 1 in Short Blades
  4235 | D:5      | Reached XP level 7. HP: 44/61 MP: 6/6
  4259 | D:5      | Reached skill level 2 in Short Blades
  4657 | D:5      | Reached skill level 3 in Short Blades
  4711 | D:5      | You fall into a shaft and drop 1 floor!
  4809 | D:6      | Reached skill level 4 in Short Blades
  4813 | D:6      | Reached XP level 8. HP: 19/70 MP: 7/7
  5286 | D:6      | Found a shattered altar of Ashenzari.
  5963 | D:7      | Found a staircase to the Ecumenical Temple.
  5968 | D:7      | Reached skill level 5 in Short Blades
  5987 | D:7      | Noticed Pikel
  6036 | D:7      | Killed Pikel
  6036 | D:7      | Reached skill level 6 in Short Blades
  6226 | D:7      | Identified the +4 chain mail of Thoughtfulness {rElec rC++
                  | Regen+ Str-3}
  6295 | D:7      | Reached XP level 9. HP: 37/78 MP: 8/8
  6405 | D:7      | Reached skill level 7 in Short Blades
  6618 | D:7      | Found an ornate altar of the Wu Jian Council.
  6618 | D:7      | Found a hide-covered altar of Uskayaw.
  6624 | D:7      | Became a worshipper of the Wu Jian Council
  6865 | D:7      | Reached skill level 8 in Short Blades
  6870 | D:7      | Got an encrusted rapier
  7194 | D:8      | Found a staircase to the Lair.
  7215 | D:8      | Reached skill level 9 in Short Blades
  7302 | D:8      | Reached * piety under Wu Jian
  7302 | D:8      | Reached skill level 10 in Short Blades
  7390 | D:8      | Noticed a troll
  7430 | D:8      | Killed a troll
  7430 | D:8      | Reached skill level 11 in Short Blades
  7534 | D:8      | Found a glowing golden altar of the Shining One.
  7586 | D:8      | Reached XP level 10. HP: 84/84 MP: 9/9
  7963 | D:8      | Found Zin's Purification Station.
  7967 | D:8      | Found a glowing silver altar of Zin.
  7975 | D:8      | Bought a potion of curing for 90 gold pieces
  8188 | D:8      | Gained mutation: You are somewhat resistant to further
                  | mutation. [potion of mutation]
  8188 | D:8      | Gained mutation: You are covered in fur. (AC +1) [potion of
                  | mutation]
  8515 | D:9      | Reached ** piety under Wu Jian
  8576 | D:9      | Found Epseng's Book Shoppe.
  8584 | D:9      | You fall into a shaft and drop 1 floor!
  8584 | D:10     | Entered Level 10 of the Dungeon
  8597 | D:10     | Found Akuse's Mass Market.
  8604 | D:10     | Reached skill level 12 in Short Blades
  8660 | D:10     | Reached skill level 13 in Short Blades
  8663 | D:10     | HP: 4/84 [poisoned by an orc warrior]
  8666 | D:10     | Shot with an arrow by a centaur

Illustrated notes

Levels and vault maps discovered:
D:1:      dpeg_arrival_shrine, layout_basic, minmay_bisected
D:2:      minmay_diamond_boxcup, layout_basic
D:3:      layout_loops_corners, first_ration, uniq_terence
D:4:      layout_gridville, serial_shops, shop, saegor_snake_ambush
D:5:      layout_basic, enter_ossuary_3
D:6:      layout_basic, lemuel_crystal_altar,
          hangedman_abyss_or_decor_jellyfish_corner
D:7:      layout_loops_ring, gammafunk_temple_overflow_wave,
          minmay_temple_entry_proselytizer, the_bakery, uniq_pikel
D:8:      layout_cave_pods, zin_purify, tso_metal_star, erik_lair_island,
          minmay_holes, nrook_uturn
D:9:      layout_basic, lemuel_doored_altar, kiku_gazebo_garden_becter,
          serial_corexii_hall, chequers_hall_statues_wall_a,
          corexii_hall_statues_s, serial_shops, nicolae_shop_stone
D:10:     layout_loops_ring, erik_orc_4, serial_shops, nicolae_shop_trees,
          special_room [special_room_orc], minmay_shop_mass

Skill      XL: |  1  2  3  4  5  6  7  8  9 10 |
---------------+-------------------------------+-----
Shields        | 4 5 6 7 |  7.5
Fighting       | 4 5 6 |  6.9
Maces & Flails | 3 4 5 |  5.4
Armour         | 4 5 6 7 |  7.0
Short Blades   | 1 4 6 11 13 | 13.0
Dodging        | |  0.3

Action                   |  1- 3 |  4- 6 |  7- 9 | 10-12 || total
-------------------------+-------+-------+-------+-------++-------
Melee: Flail             |    87 |    89 |       |       ||   176
       Headbutt          |    13 |    15 |    58 |    27 ||   113
       Rapier            |       |    31 |   430 |   141 ||   602
Invok: Whirlwind         |       |       |     9 |    27 ||    36
       Lunge             |       |       |     5 |     9 ||    14
Evoke: Wand              |       |       |     1 |       ||     1
  Use: Scroll            |     5 |     2 |     7 |     2 ||    16
       Potion            |     1 |       |     1 |    10 ||    12
  Eat: Chunk             |     3 |     4 |     3 |     5 ||    15
       Ration            |     1 |       |     2 |       ||     3
Armor: Scale mail        |    24 |       |       |       ||    24
       Chain mail        |       |    41 |   125 |    31 ||   197
       Plate armour      |       |       |    25 |       ||    25
Dodge: Dodged            |    32 |    26 |    53 |    20 ||   131
Block: Kite shield       |    66 |    66 |   152 |    29 ||   313
